 Dungeon Crawl Stone Soup version 0.25-a0-890-g62861fb (webtiles) character file.

Game seed: 17434113517975821963, levelgen mode: deterministic

2433 BlueFish the Carver (level 9, -7/79 HPs)
             Began as a Minotaur Fighter on May 4, 2020.
             Was a Follower of Yredelemnul.
             Mangled by an orc knight
             ... wielding a +1 halberd
              (15 damage)
             ... on level 7 of the Dungeon.
             The game lasted 00:11:31 (5927 turns).

BlueFish the Carver (Minotaur Fighter)              Turns: 5927, Time: 00:11:32

Health: -7/79      AC: 13    Str: 20    XL:     9   Next: 24%
Magic:  9/9        EV: 11    Int:  5    God:    Yredelemnul [*.....]
Gold:   195        SH:  0    Dex: 14    Spells: 8/8 levels left

rFire    . . .     SeeInvis .   B - +4 falchion (freeze)
rCold    . . .     Gourm    .   (no shield)
rNeg     . . .     Faith    .   b - +0 scale mail
rPois    .         Spirit   .   (helmet restricted)
rElec    .         Reflect  .   o - +0 cloak
rCorr    .         Harm     .   q - +1 pair of gloves
MR       .....                  j - +0 pair of boots
Stlth    ..........             (no amulet)
HPRegen  0.23/turn              (no ring)
MPRegen  0.11/turn              (no ring)

@: mighty
A: retaliatory headbutt, horns 2
a: Animate Remains, Renounce Religion


You were on level 7 of the Dungeon.
You worshipped Yredelemnul.
Yredelemnul was aware of your devotion.
You were hungry.

You visited 2 branches of the dungeon, and saw 8 of its levels.

You collected 195 gold pieces.

Inventory:

Hand Weapons
 a - a +0 long sword
 n - a +2 dagger of venom
 B - a +4 falchion of freezing (weapon)
Armour
 b - a +0 scale mail (worn)
 c - a +0 kite shield
 j - a +0 pair of boots (worn)
 o - a +0 cloak (worn)
 q - a +1 pair of gloves (worn)
Wands
 i - a wand of polymorph (10)
 y - a wand of iceblast (8)
Scrolls
 e - a scroll of identify
 g - 2 scrolls of fog
 h - 3 scrolls of teleportation
 k - 2 scrolls of remove curse
 s - a scroll of enchant armour
 u - a scroll of noise
 v - a scroll of amnesia
Potions
 l - a potion of lignification
 m - a potion of mutation
 p - 3 potions of resistance
 r - a potion of magic
 t - a potion of degeneration
 x - 3 potions of curing
 z - a potion of heal wounds
 A - a potion of stabbing
Comestibles
 f - 15 rations
 w - 22 chunks of flesh


   Skills:
 * Level 7.1 Fighting
 * Level 10.2 Long Blades
 * Level 8.5 Armour
 + Level 2.4 Dodging
 + Level 4.1 Shields
 * Level 2.6 Invocations


You had 8 spell levels left.
You didn't know any spells.
Your spell library contained the following spells:

 Spells                   Type           Power        Failure   Level  Hunger
 Magic Dart               Conj           #...         78%         1    ##.....
 Searing Ray              Conj           #.....       89%         2    ###....
 Dazzling Flash           Conj/Hex       #.....       98%         3    ####...
 Fulminant Prism          Conj/Hex       #.........   100%        4    #####..
 Iskenderun's Mystic Bla  Conj/Tloc      #.......     100%        4    #####..


Dungeon Overview and Level Annotations

Branches:
Dungeon (7/15)             Temple (1/1) D:4

Altars:
Ashenzari
Cheibriados
Dithmenos
Elyvilon
Fedhas
Gozag
Hepliaklqana
Kikubaaqudgha
Makhleb
Nemelex Xobeh
Okawaru
Qazlal
Ru
Sif Muna
Trog
Uskayaw
Vehumet
Wu Jian
Xom
Yredelemnul
Zin
The Shining One

Shops:
D:4 }


Innate Abilities, Weirdness & Mutations

You reflexively headbutt those who attack you in melee.
You have a pair of horns on your head.


Message History

You hit the orc knight. You freeze the orc knight.
Your headbutt misses the orc knight.
The orc knight is lightly wounded.
The orc hits you but does no damage.
The orc knight hits you with a +1 halberd!
The orc closely misses you.
You riposte.
You are feeling hungry.
You slash the orc! You freeze the orc.
You kill the orc!
Yredelemnul accepts your kill.
The orc knight hits you from afar with a +1 halberd!
* * * LOW HITPOINT WARNING * * *
Things that are here:
a +0 trident; an orc corpse You feel very mighty all of a sudden.
The orc knight hits you from afar with a +1 halberd!
* * * LOW HITPOINT WARNING * * *
The orc knight hits you with a +1 halberd!
You die...
Your body rises from the dead as a mindless zombie.

.......)................
≈≈≈≈≈≈≈≈....≈≈≈≈≈≈≈≈≈≈≈≈
≈≈≈≈≈≈≈≈....≈≈≈≈≈≈≈≈≈≈≈≈
≈≈≈≈≈≈≈≈....≈≈≈≈≈≈≈≈≈≈≈≈
........................
########''''############
.......#....#.......#
.......#....#o......#
.^.....))...')@)...(#
+##################+#


You could see an orc knight.

Vanquished Creatures
  Eustachio (D:4)
  Menkaure (D:6)
  4 wargs (D:7)
  Edmund (D:6)
  A water moccasin (D:4)
  An orc warrior (D:7)
  3 ogres
  A centaur (D:5)
  Blork the orc (D:5)
  2 bullfrogs (D:6)
  A scorpion (D:6)
  4 wights (D:7)
  A crimson imp (D:6)
  3 hounds
  3 orc priests
  3 orc wizards
  A bullfrog skeleton (D:6)
  2 worker ants
  A hound zombie (D:6)
  A worker ant zombie (D:5)
  8 adders
  3 shadow imps
  An adder skeleton (D:5)
  4 worms
  6 dart slugs
  6 leopard geckos
  24 orcs
  6 bats
  3 giant cockroaches
  10 hobgoblins
  7 jackals
  5 quokkas
  7 frilled lizards
  8 goblins
  7 kobolds
  A leopard gecko skeleton (D:4)
  A quokka skeleton (D:6)
  11 rats
154 creatures vanquished.

Notes
Turn   | Place    | Note
-------+----------+-------------------------------------------
     0 | D:1      | BlueFish the Minotaur Fighter began the quest for the Orb.
     0 | D:1      | Reached XP level 1. HP: 19/19 MP: 0/0
    76 | D:1      | Reached XP level 2. HP: 27/27 MP: 1/1
   339 | D:1      | Reached XP level 3. HP: 33/33 MP: 2/2
   679 | D:1      | Reached skill level 3 in Long Blades
  1290 | D:2      | Reached XP level 4. HP: 30/40 MP: 3/3
  1827 | D:3      | Reached skill level 4 in Long Blades
  2591 | D:4      | Noticed a water moccasin
  2604 | D:4      | Killed a water moccasin
  2604 | D:4      | Reached skill level 5 in Long Blades
  2604 | D:4      | Reached skill level 5 in Armour
  2604 | D:4      | Reached XP level 5. HP: 41/47 MP: 4/4
  2693 | D:4      | Reached XP level 6. HP: 38/53 MP: 5/5
  2957 | D:4      | Found a staircase to the Ecumenical Temple.
  2976 | Temple   | Entered the Ecumenical Temple
  3234 | D:4      | Reached skill level 6 in Long Blades
  3259 | D:4      | Reached skill level 5 in Fighting
  3267 | D:4      | Noticed Eustachio
  3279 | D:4      | Killed Eustachio
  3279 | D:4      | Reached XP level 7. HP: 55/61 MP: 6/6
  3336 | D:4      | Reached skill level 1 in Dodging
  3342 | D:4      | Reached skill level 7 in Long Blades
  3346 | D:4      | HP: 2/61 [adder (4)]
  3702 | D:4      | Found Abuosch's Gadget Boutique.
  3753 | D:5      | Entered Level 5 of the Dungeon
  3968 | D:5      | Noticed Blork the orc
  3986 | D:5      | Killed Blork the orc
  3990 | D:5      | Reached skill level 8 in Long Blades
  4375 | D:5      | Found a basalt altar of Yredelemnul.
  4385 | D:5      | Became a worshipper of Yredelemnul the Dark
  4781 | D:6      | Reached XP level 8. HP: 56/70 MP: 7/7
  4838 | D:6      | Noticed Edmund
  4852 | D:6      | Killed Edmund
  4975 | D:6      | Reached skill level 1 in Invocations
  5366 | D:6      | Reached skill level 9 in Long Blades
  5467 | D:6      | Noticed Menkaure
  5472 | D:6      | Killed Menkaure
  5592 | D:7      | Reached * piety under Yredelemnul
  5707 | D:7      | Reached XP level 9. HP: 54/78 MP: 9/9
  5727 | D:7      | Reached skill level 10 in Long Blades
  5914 | D:7      | Noticed an orc knight
  5927 | D:7      | Mangled by an orc knight

Levels and vault maps discovered:
D:1:      mrwooster_arrival_statue_2, layout_basic, roderic_filled_cross
D:2:      layout_loops_ring, first_ration
D:3:      layout_loops_ring, serial_bayou, serial_bayou_pond_a,
          serial_bayou_shore_a, serial_bayou_lake_a, serial_bayou_pond_c
D:4:      layout_layer_cave, minmay_temple_entry_glassed_door, serial_shops,
          nicolae_shop_behind_doors, serial_bayou_pond_c, uniq_eustachio
D:5:      layout_loops_cross, nicolae_overflow_crystal_walls,
          roderic_serpentine_path, uniq_blork_the_orc
D:6:      layout_gridville, uniq_menkaure, uniq_edmund
D:7:      lemuel_castle_with_subvaults [lemuel_castle_interior_carwin_3],
          layout_basic, grunt_livestock, minmay_misc_feat_cross,
          trog_butcher_becter, uniq_harold
Temple:   minmay_crystal_snake_temple

Skill      XL: |  1  2  3  4  5  6  7  8  9 |
---------------+----------------------------+-----
Armour         | 4 5 6 8 |  8.5
Fighting       | 4 5 6 7 |  7.1
Shields        | 4 |  4.1
Long Blades    | 3 5 6 8 9 10 | 10.2
Dodging        | 1 2 |  2.4
Invocations    | 2 |  2.6

Action                   |  1- 3 |  4- 6 |  7- 9 || total
-------------------------+-------+-------+-------++-------
Melee: Long sword        |    84 |   118 |   172 ||   374
       Headbutt          |    19 |    25 |    56 ||   100
       Falchion          |       |       |    39 ||    39
  Use: Scroll            |     4 |     5 |     8 ||    17
       Potion            |       |       |     2 ||     2
  Eat: Chunk             |     1 |     7 |     8 ||    16
Armor: Scale mail        |    43 |    61 |   102 ||   206
Dodge: Dodged            |    50 |    64 |    96 ||   210
       Rpst.: Long sword |    13 |    17 |    21 ||    51
       Falchion          |       |       |     4 ||     4

Table legend:
 A = Non-vault XP
 B = Vault XP
 C = Vault XP percentage of total XP
 D = Non-vault monster count
 E = Vault monster count
 F = Vault count percentage of total count
                 A         B        C        D         E       F
            +---------+---------+-------+---------+---------+-------
      Total |    2026 |    1451 |  41.7 |     140 |      14 |   9.1
            +---------+---------+-------+---------+---------+-------
        D:1 |      54 |       0 |   0.0 |      28 |       0 |   0.0
        D:2 |      64 |       0 |   0.0 |      25 |       0 |   0.0
        D:3 |      63 |       0 |   0.0 |      19 |       0 |   0.0
        D:4 |     688 |     197 |  22.3 |      25 |       1 |   3.8
        D:5 |     254 |     100 |  28.2 |      15 |       1 |   6.2
        D:6 |     665 |     330 |  33.2 |      24 |       2 |   7.7
        D:7 |     238 |     824 |  77.6 |       4 |      10 |  71.4
            +---------+---------+-------+---------+---------+-------
